 Dungeon Crawl Stone Soup version 0.26-a0-228-g29f007ebfe (webtiles) character file.

Game seed: 17455408654569484829

264403 vurker the Scorcher (level 19, 150/170 HPs)
             Began as a Green Draconian Fire Elementalist on July 6, 2020.
             Was the Champion of Vehumet.
             Quit the game on level 3 of the Elven Halls on July 7, 2020.
             The game lasted 01:50:33 (61984 turns).

vurker the Scorcher (DrFE)                         Turns: 61984, Time: 01:50:33

Health: 150/170    AC: 17    Str: 13    XL:     19   Next: 27%
Magic:  39/39      EV: 11    Int: 22    God:    Vehumet [******]
Gold:   2486       SH: 18    Dex: 11    Spells: 3/44 levels left

rFire    . . .     SeeInvis .   a - staff of cold
rCold    + . .     Faith    .   K - +2 kite shield {reflect}
rNeg     . . .     Spirit   .   (armour unavailable)
rPois    +         Reflect  +   (helmet restricted)
rElec    .         Harm     .   b - +2 cloak {rPois}
rCorr    .                      G - +2 pair of gloves
MR       +++..                  q - +0 pair of boots
Stlth    ++........             y - amulet of reflection
HPRegen  0.38/turn              m - ring of protection from magic
MPRegen  0.26/turn              O - ring of protection from magic

@: flying (expiring), fainting
A: breathe noxious fumes, unfitting armour, stinger 1, high mp 1, mutation
resistance 1, poison resistance, cold-blooded, MP-powered wands, AC +10
}: 2/15 runes: decaying, serpentine
a: Breathe Noxious Fumes, Renounce Religion


You were on level 3 of the Elven Halls.
You worshipped Vehumet.
Vehumet was exalted by your worship.
You were fainting.

You visited 7 branches of the dungeon, and saw 35 of its levels.
You also visited: Gauntlet.

You collected 4925 gold pieces.
You spent 2439 gold pieces at shops.

Inventory:

Missiles
 N - 4 throwing nets (quivered)
Armour
 b - a +2 cloak of poison resistance (worn)
   (You found it on level 12 of the Dungeon)
 q - a +0 pair of boots (worn)
   (You found it on level 3 of the Dungeon)
 G - a +2 pair of gloves (worn)
   (You found it on level 15 of the Dungeon)
 K - a +2 kite shield of reflection (worn)
   (You took it off Donald on level 1 of the Snake Pit)
Magical Staves
 a - an uncursed staff of cold (weapon)
   (You found it on level 6 of the Dungeon)
 s - an uncursed staff of air
   (You found it on level 4 of the Lair of Beasts)
Jewellery
 i - an uncursed ring of resist corrosion
   (You found it on level 1 of the Dungeon)
 k - an uncursed ring of wizardry
   (You found it on level 2 of the Dungeon)
 m - a ring of protection from magic (left hand)
   (You found it on level 15 of the Dungeon)
 y - an amulet of reflection (around neck)
   (You found it on level 12 of the Dungeon)
 O - a ring of protection from magic (right hand)
   (You took it off a naga on level 4 of the Snake Pit)
 P - an uncursed ring of protection from cold
   (You found it in a Gauntlet)
 Q - an uncursed ring of positive energy
   (You found it on level 3 of the Lair of Beasts)
 R - an uncursed ring of see invisible
   (You found it in a Gauntlet)
 U - an uncursed ring of fire
   (You found it on level 4 of the Lair of Beasts)
Wands
 c - a wand of disintegration (50)
   (You found it on level 11 of the Dungeon)
 d - a wand of iceblast (35)
   (You found it on level 9 of the Dungeon)
 t - a wand of flame (56)
   (You took it off Maurice on level 9 of the Dungeon)
 v - a wand of digging (24)
   (You found it on level 1 of the Lair of Beasts)
 x - a wand of acid (8)
   (You found it on level 3 of the Swamp)
 M - a wand of polymorph (10)
   (You found it on level 10 of the Dungeon)
Scrolls
 f - 6 scrolls of teleportation
 j - 3 scrolls of blinking
 o - 3 scrolls of fog
 w - 8 scrolls of fear
 z - 2 scrolls of immolation
 C - 21 scrolls of identify
 D - 3 scrolls of amnesia
 E - 6 scrolls of enchant armour
 F - 4 scrolls of magic mapping
 H - a scroll of vulnerability
 J - 15 scrolls of remove curse
Potions
 g - 13 potions of curing
 h - 2 potions of ambrosia
 l - 8 potions of heal wounds
 n - 3 potions of invisibility
 p - 3 potions of magic
 r - 4 potions of flight
 u - 4 potions of brilliance
 A - 6 potions of cancellation
 B - 4 potions of haste
 I - 2 potions of lignification
 L - 2 potions of mutation


   Skills:
 + Level 15.2 Fighting
 - Level 1.7 Dodging
 - Level 1.7 Stealth
 * Level 11.7 Shields
 + Level 13.2 Spellcasting
 * Level 17.6 Conjurations
 * Level 19.3 Fire Magic


You had 3 spell levels left.
You knew the following spells:

 Your Spells              Type           Power        Failure   Level
a - Starburst             Conj/Fire      #######...   1%          6
b - Ignition              Fire           #######...   4%          8
c - Orb of Destruction    Conj           #######...   1%          7
d - Fire Storm            Conj/Fire      #######...   61%         9
m - Ozocubu's Refrigerat  Ice            ###.......   91%         6
z - Fireball              Conj/Fire      #######...   1%          5

Your spell library contained the following spells:

 Spells                   Type           Power        Failure   Level
 Shatter                  Erth           ##........   100%        9
 Tornado                  Air            ##........   100%        9
 Foxfire                  Conj/Fire      ####         0%          1
 Magic Dart               Conj           ####         0%          1
 Searing Ray              Conj           ######       0%          2
 Conjure Flame            Conj/Fire      #######.     0%          3
 Freeze                   Ice            ###.         1%          1
 Sandblast                Erth           ##....       1%          1
 Dazzling Flash           Conj/Hex       ######       1%          3
 Ignite Poison            Fire/Tmut/Pois #####...     1%          3
 Inner Flame              Hex/Fire       ######..     1%          3
 Mephitic Cloud           Conj/Pois/Air  #####...     1%          3
 Static Discharge         Conj/Air       ######..     1%          3
 Stone Arrow              Conj/Erth      ######       1%          3
 Frozen Ramparts          Ice            ###...       5%          3
 Animate Skeleton         Necr           N/A          7%          1
 Apportation              Tloc           ##....       7%          1
 Corona                   Hex            ##.....      7%          1
 Infusion                 Chrm           ##..         7%          1
 Summon Butterflies       Summ           ##......     7%          1
 Summon Small Mammal      Summ           ##..         7%          1
 Blink                    Tloc           N/A          10%         2
 Call Imp                 Summ           ##......     10%         2
 Ensorcelled Hibernation  Hex/Ice        ###...       10%         2
 Passwall                 Tmut/Erth      ##......     10%         2
 Poisonous Vapours        Pois/Air       ##....       10%         2
 Shroud of Golubria       Chrm/Tloc      ##....       10%         2
 Slow                     Hex            ##......     10%         2
 Song of Slaying          Chrm           ##......     10%         2
 Sublimation of Blood     Necr           ##........   10%         2
 Confusing Touch          Hex            ##......     21%         3
 Gell's Gravitas          Tloc           ##........   21%         3
 Lesser Beckoning         Tloc           ##........   21%         3
 Ozocubu's Armour         Chrm/Ice       ###.....     21%         3
 Portal Projectile        Hex/Tloc       ##....       21%         3
 Recall                   Summ/Tloc      N/A          21%         3
 Spectral Weapon          Hex/Chrm       ##......     21%         3
 Summon Guardian Golem    Hex/Summ       ##......     21%         3
 Teleport Other           Tloc           ##......     21%         3
 Tukima's Dance           Hex            ##......     21%         3
 Fulminant Prism          Conj/Hex       ######....   1%          4
 Hailstorm                Conj/Ice       ######..     1%          4
 Sticky Flame             Conj/Fire      #######.     1%          4
 Bolt of Magma            Conj/Fire/Erth ######....   1%          5
 Irradiate                Conj/Tmut      ######....   1%          5
 Iskenderun's Battlesphe  Conj/Chrm      ######..     1%          5
 Lightning Bolt           Conj/Air       ######....   1%          5
 Conjure Ball Lightning   Conj/Air       ######....   7%          6
 Iron Shot                Conj/Erth      ######....   7%          6
 Freezing Cloud           Conj/Ice/Air   ######....   22%         6
 Spellforged Servitor     Conj/Summ      ######....   36%         7
 Lee's Rapid Deconstruct  Erth           ##........   41%         5
 Yara's Violent Unravell  Hex/Tmut       ##........   41%         5
 Cause Fear               Hex            ##........   54%         4
 Leda's Liquefaction      Hex/Erth       ##........   54%         4
 Passage of Golubria      Tloc           N/A          54%         4
 Petrify                  Tmut/Erth      ##......     54%         4
 Summon Ice Beast         Ice/Summ       ###.....     54%         4
 Summon Lightning Spire   Summ/Air       ##......     54%         4
 Ring of Flames           Chrm/Fire      ######....   71%         7
 Alistair's Intoxication  Tmut/Pois      ##......     88%         5
 Aura of Abjuration       Summ           ##........   88%         5
 Metabolic Englaciation   Hex/Ice        ###.......   88%         5
 Silence                  Hex/Air        ##........   88%         5
 Summon Demon             Summ           ##........   88%         5
 Summon Forest            Summ/Tloc      ##........   88%         5
 Summon Mana Viper        Hex/Summ       ##......     88%         5
 Eringya's Noxious Bog    Tmut/Pois      ##........   100%        6
 Hydra Form               Tmut           ##........   100%        6
 Invisibility             Hex            ##......     100%        6
 Shadow Creatures         Summ           N/A          100%        6
 Statue Form              Tmut/Erth      ##.......    100%        6
 Dragon Form              Tmut           ##........   100%        7


Dungeon Overview and Level Annotations

Branches:
Dungeon (15/15)            Temple (1/1) D:4            Lair (6/6) D:8
  Swamp (4/4) Lair:2        Snake (4/4) Lair:3        Slime (0/5) Lair:5
    Orc (2/2) D:9             Elf (3/3) Orc:2        Vaults (0/5) D:14
 Depths (0/5) D:15        Gauntlet (visited)

Altars:
Ashenzari
Cheibriados
Dithmenos
Elyvilon
Gozag
Hepliaklqana
Kikubaaqudgha
Makhleb
Nemelex Xobeh
Okawaru
Qazlal
Ru
Sif Muna
Trog
Uskayaw
Vehumet
Yredelemnul
Zin
Beogh

Shops:
D:11 !   D:13 *   Orc:2 :!}[   Elf:1 *   Elf:2 [   Snake:1 [*[!

Annotations:
Elf:2 5 runed translucent doors


Innate Abilities, Weirdness & Mutations

You can breathe blasts of noxious fumes.
Your lurid green scales are hard. (AC +10)
You cannot fit into any form of body armour.
Your tail ends in a poisonous barb.
Your system is resistant to poisons. (rPois)
You are cold-blooded and may be slowed by cold attacks.
You have an increased reservoir of magic. (+10% MP)
You are somewhat resistant to further mutation.
You expend magic power (3 MP) to strengthen your wands.


Message History

You feel a surge of power!
The mass of ice explodes!
The iceblast engulfs the fire elemental!
The fire elemental is frozen!
You block the fire elemental's attack. x2
You feel a surge of power!
The mass of ice explodes!
The iceblast engulfs the fire elemental!!
The fire elemental is frozen!
You destroy the fire elemental!
Vehumet accepts your kill.
You feel your power returning.
Okay, then.
You see here a +4 short sword of draining.
You open the door.
Found 19 stones.
Found a stone staircase leading up.
There is an open door here.
You open the door.
There is an open door here.
You are fainting from starvation!
Found a scroll of identify.
Found a dagger.
C - 21 scrolls of identify (gained 1)
Found a potion of curing.
A deep elf mage comes into view. It is wielding a +0 short sword.
You see here a dagger.
An air elemental comes into view.
A vortex of raging winds appears around the air elemental!
You block the air elemental's attack. x2
The winds around the air elemental start to calm down.
The air elemental barely misses you.
You block the air elemental's attack. x2
The air elemental hits you but does no damage.
You block the air elemental's attack. The air elemental barely misses you.
You block the air elemental's attack. The air elemental barely misses you.
You block the air elemental's attack.
The air elemental hits you but does no damage.
The air elemental hits you but does no damage.
The air elemental hits you!
The air elemental hits you but does no damage.
You block the air elemental's attack. x2
You block the air elemental's attack. The air elemental misses you.
You block the air elemental's attack. You block the air elemental's attack.
You block the air elemental's attack. The air elemental closely misses you.
The air elemental hits you!
You block the air elemental's attack. x2
The winds around the air elemental calm down.
A vortex of raging winds appears around the air elemental!
You block the air elemental's attack.
The vortex of raging winds lifts you up.
You fly up into the air.
You block the air elemental's attack. x2

# #. ####.### #...
..# #... #.#
#..###@#
####...##E#
.......+........ยง#
...e.. ####...####
...... #..## .....
#.## .!.### #.#
#.... #.# #..#
#.##.#


You could see an air elemental.

Vanquished Creatures
  the Lernaean hydra (Swamp:4)
  Vashnia (Snake:2)
  Nikola (Elf:2)
  Rupert (D:14)
  Donald (Snake:1)
  9 nagarajas
  2 deep elf sorcerers (Elf:1)
  A cacodemon (Gauntlet)
  Nessos (D:14)
  A minotaur (Gauntlet)
  A yaktaur captain (D:15)
  Erolcha (Orc:2)
  22 hydras
  6 naga warriors
  9 centaur warriors
  15 anacondas
  A ghost crab (Swamp:1)
  15 alligators
  A shambling mangrove (Swamp:2)
  5 two-headed ogres
  14 dancing weapons
  6 death yaks
  2 tengu warriors (D:14)
  Urug (D:14)
  7 shock serpents
  16 naga sharpshooters
  12 deep elf knights
  A fire crab (shapeshifter) (D:14)
  3 skeletal warriors (D:13)
  2 unseen horrors
  13 swamp dragons
  2 spriggan druids
  A death drake (Swamp:2)
  A spectral hydra (Swamp:2)
  A phantasmal warrior (Swamp:2)
  7 deep elf archers
  8 naga ritualists
  Pikel (D:4)
  A wolf spider (D:14)
  A necromancer (Swamp:2)
  2 large abominations (Swamp:2)
  42 deep elf magi
  2 oklob plants (Lair:4)
  12 orc sorcerers
  12 ugly things
  4 cyclopes
  8 mana vipers
  5 orc knights
  16 elephants
  4 salamanders
  Maurice (D:9)
  18 guardian serpents
  37 black mambas
  9 naga magi
  Maggie (D:8)
  Psyche (D:10)
  A gargoyle (D:10)
  19 cane toads
  Joseph (D:7)
  2 centaur skeletons
  2 kobold demonologists (D:15)
  A yaktaur (D:15)
  5 swamp worm zombies (Swamp:2)
  4 rime drakes
  9 komodo dragons
  A redback zombie (D:15)
  5 trolls
  9 tyrant leeches
  A queen bee (D:12)
  Grinder (D:4)
  10 hornets
  20 blink frogs
  7 polar bears
  25 slime creatures
  13 dream sheep
  17 hippogriffs
  16 bog bodies
  5 spectral swamp dragons (Swamp:2)
  3 alligator zombies (Swamp:2)
  A centaur simulacrum (D:14)
  20 spriggans
  Sigmund (D:2)
  3 air elementals (Elf:1)
  A water elemental (Elf:2)
  8 shadows
  A wraith (Swamp:2)
  A wyvern (D:12)
  16 humans (D:14)
  A human (shapeshifter) (D:14)
  6 fire elementals
  34 yaks
  4 basilisks
  A neqoxec (Gauntlet)
  33 vampire mosquitoes
  10 insubstantial wisps
  23 swamp worms
  2 wargs
  An acid dragon (D:14)
  41 nagas
  12 water moccasins
  6 cane toad zombies (Swamp:2)
  8 porcupines
  3 ice beasts
  9 sky beasts
  2 black bears (Lair:6)
  13 swamp drakes
  15 orc warriors
  A hornet zombie (D:8)
  A necrophage (D:11)
  7 boggarts
  15 ogres
  2 phantoms
  22 wolves
  17 centaurs
  13 crocodiles
  5 big kobolds
  17 bullfrogs
  A gnoll sergeant (D:7)
  An earth elemental (Elf:1)
  9 scorpions
  3 troll zombies (D:9)
  16 wights
  24 killer bees
  3 electric eels
  10 howler monkeys
  4 centaur zombies
  7 orc priests
  3 bullfrog skeletons
  A hound (D:10)
  7 jellies
  30 orc wizards
  An iguana (D:4)
  9 worker ants
  5 ogre zombies (D:9)
  A hound zombie (D:5)
  A hound skeleton (D:11)
  3 worker ant zombies
  Robin (D:2)
  12 adders
  7 gnolls
  A howler monkey skeleton (D:6)
  A shadow imp (D:9)
  2 white imps
  An adder skeleton (D:6)
  6 dart slugs
  5 leopard geckos
  68 orcs
  9 bats
  5 giant cockroaches
  15 goblins
  18 hobgoblins
  15 jackals
  4 quokkas
  3 ball pythons
  4 frilled lizards
  3 goblin zombies (D:9)
  2 hobgoblin skeletons (D:9)
  3 hobgoblin zombies (D:9)
  21 kobolds
  An orc skeleton (D:9)
  16 orc zombies (D:9)
  5 rats
  A bush (Lair:6)
  5 fungi (Lair:6)
  9 plants
1304 creatures vanquished.

Vanquished Creatures (others)
  A water elemental (Elf:1)
  A wyvern simulacrum (D:14)
  An orc wizard (Orc:2)
  18 demonic plants (Gauntlet)
  1530 foxfires
  34 fungi
  33 plants
  6 withered plants (Swamp:2)
1624 creatures vanquished.

Grand Total: 2928 creatures vanquished

Notes
Turn   | Place    | Note
-------+----------+-------------------------------------------
     0 | D:1      | vurker the Draconian Fire Elementalist began the quest for
                  | the Orb.
     0 | D:1      | Reached XP level 1. HP: 14/14 MP: 3/3
   258 | D:1      | Reached XP level 2. HP: 21/22 MP: 5/5
   896 | D:1      | Reached skill level 1 in Fighting
  1054 | D:1      | Reached XP level 3. HP: 26/28 MP: 6/6
  1243 | D:2      | Noticed Sigmund
  1281 | D:2      | Killed Sigmund
  1281 | D:2      | Reached skill level 4 in Fire Magic
  1281 | D:2      | Reached XP level 4. HP: 26/36 MP: 0/8
  1281 | D:2      | Reached XP level 5. HP: 30/41 MP: 0/9
  1466 | D:2      | Learned a level 4 spell: Sticky Flame
  1793 | D:2      | Noticed Robin
  1868 | D:2      | Killed Robin
  2047 | D:2      | Found an iron altar of Okawaru.
  2475 | D:3      | Reached XP level 6. HP: 38/50 MP: 1/10
  3560 | D:4      | Noticed Pikel
  3626 | D:4      | Killed Pikel
  3626 | D:4      | Reached skill level 5 in Fire Magic
  3626 | D:4      | Your scales start taking on a lurid green colour.
  3626 | D:4      | Reached XP level 7. HP: 35/57 MP: 2/12
  3626 | D:4      | Gained mutation: Your system is resistant to poisons.
                  | (rPois) [Green Draconian growth]
  3664 | D:4      | Reached skill level 5 in Conjurations
  3671 | D:4      | Learned a level 5 spell: Fireball
  3800 | D:4      | Noticed Grinder
  3824 | D:4      | Killed Grinder
  3824 | D:4      | Reached skill level 6 in Fire Magic
  3824 | D:4      | Reached XP level 8. HP: 66/66 MP: 2/13
  3904 | D:4      | Found a staircase to the Ecumenical Temple.
  4006 | Temple   | Entered the Ecumenical Temple
  4112 | Temple   | Became a worshipper of Vehumet
  4914 | D:5      | Entered Level 5 of the Dungeon
  5191 | D:5      | Reached * piety under Vehumet
  5191 | D:5      | Offered knowledge of Shock by Vehumet.
  5519 | D:5      | Reached skill level 7 in Fire Magic
  5873 | D:6      | Found a shadowy altar of Dithmenos.
  6274 | D:6      | Reached skill level 5 in Fighting
  6352 | D:6      | Reached XP level 9. HP: 74/74 MP: 9/15
  6887 | D:6      | Found a glowing silver altar of Zin.
  7309 | D:7      | Reached skill level 5 in Spellcasting
  7309 | D:7      | Reached skill level 8 in Fire Magic
  7461 | D:7      | Noticed Joseph
  7483 | D:7      | Killed Joseph
  8307 | D:7      | Found a burning altar of Makhleb.
  8560 | D:7      | Found a shimmering blue altar of Sif Muna.
  8596 | D:8      | Noticed Maggie
  8609 | D:8      | Killed Maggie
  9127 | D:8      | Reached skill level 9 in Fire Magic
  9127 | D:8      | Reached XP level 10. HP: 79/83 MP: 8/18
  9235 | D:8      | Offered knowledge of Searing Ray by Vehumet.
  9279 | D:8      | Reached ** piety under Vehumet
  9791 | D:8      | Found a staircase to the Lair.
 10408 | D:9      | Offered knowledge of Frozen Ramparts by Vehumet.
 10433 | D:9      | Found a staircase to the Orcish Mines.
 10625 | D:9      | Reached *** piety under Vehumet
 10708 | D:9      | Offered knowledge of Static Discharge by Vehumet.
 11169 | D:9      | Noticed Maurice
 11314 | D:9      | Reached skill level 1 in Shields
 11578 | D:9      | Reached skill level 10 in Fire Magic
 11719 | D:9      | Killed Maurice
 12065 | D:9      | Reached **** piety under Vehumet
 12067 | D:9      | Reached XP level 11. HP: 92/92 MP: 4/20
 12202 | D:9      | Offered knowledge of Mephitic Cloud by Vehumet.
 13137 | D:10     | Entered Level 10 of the Dungeon
 13153 | D:10     | Killed an unseen horror
 13153 | D:10     | Reached skill level 10 in Conjurations
 13576 | D:10     | Noticed Psyche
 13581 | D:10     | Killed Psyche
 15331 | D:11     | Noticed a two-headed ogre
 15349 | D:11     | Killed a two-headed ogre
 15354 | D:11     | Reached skill level 11 in Fire Magic
 15446 | D:11     | Reached ***** piety under Vehumet
 15706 | D:11     | Found Joniobro's Distillery.
 15710 | D:11     | Bought a potion of heal wounds for 85 gold pieces
 15710 | D:11     | Bought a potion of cancellation for 136 gold pieces
 15710 | D:11     | Bought a potion of brilliance for 68 gold pieces
 15982 | Lair:1   | Entered Level 1 of the Lair of Beasts
 16006 | Lair:1   | Noticed an eight-headed hydra
 16013 | Lair:1   | Killed an eight-headed hydra
 16013 | Lair:1   | Offered knowledge of Spellforged Servitor by Vehumet.
 16408 | Lair:1   | Reached XP level 12. HP: 103/103 MP: 10/23
 17431 | Lair:2   | You fall into a shaft and drop 1 floor!
 17431 | Lair:3   | Found a gate leading to a gauntlet.
 17435 | Gauntlet | Entered a Gauntlet
 17435 | Gauntlet | Found a transporter.
 17435 | Gauntlet | Noticed a hell beast
 17444 | Gauntlet | Found a transporter.
 17449 | Gauntlet | Noticed a hell hog
 17456 | Gauntlet | Found a transporter.
 17460 | Gauntlet | Found a transporter.
 17480 | Gauntlet | Found a transporter.
 17493 | Gauntlet | Found a transporter.
 17497 | Gauntlet | Found a transporter.
 17501 | Gauntlet | Found a transporter.
 17514 | Gauntlet | Noticed a cacodemon
 17524 | Gauntlet | Found a transporter.
 17544 | Gauntlet | Found a transporter.
 17548 | Gauntlet | Found a transporter.
 17556 | Gauntlet | Found a transporter.
 17755 | Gauntlet | Gained mutation: You are frail. (-10% HP) [a cacodemon]
 17766 | Gauntlet | Gained mutation: You tend to lose your temper in combat. [a
                  | cacodemon]
 17767 | Gauntlet | Killed a cacodemon
 17847 | Gauntlet | Got a vibrating copper ring
 17849 | Gauntlet | Identified the ring "Ucenucab" {+Inv rC- EV+4 Int+3 SInv}
                  | (You found it in a Gauntlet)
 17850 | Gauntlet | Lost mutation: You tend to lose your temper in combat.
                  | [potion of mutation]
 17850 | Gauntlet | Lost mutation: You are frail. (-10% HP) [potion of
                  | mutation]
 17850 | Gauntlet | Gained mutation: Your magical capacity is low. (-10% MP)
                  | [potion of mutation]
 17850 | Gauntlet | Gained mutation: You are weak. (Str -2) [potion of
                  | mutation]
 17850 | Gauntlet | Gained mutation: You have supernaturally acute eyesight.
                  | (SInv) [potion of mutation]
 17850 | Gauntlet | Gained mutation: Your spells are a little harder to cast,
                  | but a little more powerful. [potion of mutation]
 17851 | Gauntlet | Lost mutation: Your magical capacity is low. (-10% MP)
                  | [potion of mutation]
 17851 | Gauntlet | Lost mutation: Your spells are a little harder to cast, but
                  | a little more powerful. [potion of mutation]
 17851 | Gauntlet | Gained mutation: Your body sometimes deteriorates upon
                  | taking damage. [potion of mutation]
 17851 | Gauntlet | Gained mutation: You have a pair of small antennae on your
                  | head. [potion of mutation]
 17852 | Gauntlet | Lost mutation: You have a pair of small antennae on your
                  | head. [potion of mutation]
 17852 | Gauntlet | Lost mutation: You are weak. (Str -2) [potion of mutation]
 17852 | Gauntlet | Lost mutation: You have supernaturally acute eyesight.
                  | (SInv) [potion of mutation]
 17852 | Gauntlet | Lost mutation: Your body sometimes deteriorates upon taking
                  | damage. [potion of mutation]
 17852 | Gauntlet | Gained mutation: Your skin changes colour to match your
                  | surroundings (Stealth+). [potion of mutation]
 17852 | Gauntlet | Gained mutation: Potions are less effective at restoring
                  | your health. [potion of mutation]
 17852 | Gauntlet | Gained mutation: You have a pair of small horns on your
                  | head. [potion of mutation]
 17853 | Gauntlet | Lost mutation: You have a pair of small horns on your head.
                  | [potion of mutation]
 17853 | Gauntlet | Lost mutation: Your skin changes colour to match your
                  | surroundings (Stealth+). [potion of mutation]
 17853 | Gauntlet | Lost mutation: Potions are less effective at restoring your
                  | health. [potion of mutation]
 17853 | Gauntlet | Gained mutation: You have an increased reservoir of magic.
                  | (+10% MP) [potion of mutation]
 17853 | Gauntlet | Gained mutation: You are somewhat resistant to further
                  | mutation. [potion of mutation]
 17904 | Gauntlet | Noticed a minotaur
 17910 | Gauntlet | Killed a minotaur
 17910 | Gauntlet | Reached skill level 12 in Fire Magic
 19373 | Lair:2   | Found a staircase to the Swamp.
 20258 | Lair:3   | Noticed an eight-headed hydra
 20261 | Lair:3   | Killed an eight-headed hydra
 20412 | Lair:3   | Found a staircase to the Snake Pit.
 20452 | Lair:3   | Identified the Tome of Poisoning and the Escort
 21016 | Lair:4   | Reached XP level 13. HP: 80/112 MP: 17/27
 21386 | Lair:4   | Reached skill level 10 in Fighting
 21390 | Lair:4   | Reached skill level 13 in Fire Magic
 21597 | Lair:4   | You fall into a shaft and drop 1 floor!
 21679 | Lair:5   | Got a coiled turquoise ring
 21795 | Lair:3   | Identified the ring of Akoylali {Int+3 Stlth+} (You found
                  | it on level 5 of the Lair of Beasts)
 23018 | Lair:5   | Found a staircase to the Slime Pits.
 23172 | Lair:6   | Entered Level 6 of the Lair of Beasts
 24796 | Lair:6   | Gained mutation: Your tail ends in a poisonous barb. [Green
                  | Draconian growth]
 24796 | Lair:6   | Reached XP level 14. HP: 97/122 MP: 12/30
 24806 | Lair:6   | Reached skill level 14 in Fire Magic
 25745 | Lair:6   | Offered knowledge of Freezing Cloud by Vehumet.
 27469 | Orc:1    | Entered Level 1 of the Orcish Mines
 28119 | Orc:2    | Entered Level 2 of the Orcish Mines
 28237 | Orc:1    | Reached skill level 10 in Spellcasting
 28305 | Orc:1    | Reached ****** piety under Vehumet
 28611 | Orc:2    | Found a staircase to the Elven Halls.
 29061 | Orc:1    | Offered knowledge of Ozocubu's Refrigeration by Vehumet.
 29145 | Orc:1    | Learned a level 6 spell: Ozocubu's Refrigeration
 29483 | Orc:2    | Paralysed by an orc sorcerer for 7 turns
 29575 | Orc:2    | Found Iruth's Gadget Boutique.
 29582 | Orc:2    | Noticed Erolcha
 29585 | Orc:2    | Killed Erolcha
 29585 | Orc:2    | Paralysed by an orc sorcerer for 7 turns
 29729 | Orc:2    | Found Aqunalosoy's Book Shop.
 29753 | Orc:2    | Found an ancient bone altar of Kikubaaqudgha.
 29995 | Orc:2    | Found a radiant altar of Vehumet.
 30396 | Orc:2    | Found Liawn's Antique Armour Shop.
 30399 | Orc:2    | Found a roughly hewn altar of Beogh.
 30415 | Orc:2    | Found Feumibb's Distillery.
 30424 | Orc:2    | Bought 2 potions of ambrosia for 160 gold pieces
 30476 | Orc:2    | Bought the Incunabulum of Ignition for 930 gold pieces
 30483 | Orc:2    | Learned a level 6 spell: Starburst
 30492 | Orc:2    | Learned a level 8 spell: Ignition
 30720 | D:11     | Reached skill level 15 in Fire Magic
 32196 | D:12     | Identified a scroll of acquirement
 32402 | D:12     | Reached XP level 15. HP: 132/132 MP: 15/32
 32406 | D:12     | Offered knowledge of Orb of Destruction by Vehumet.
 33008 | D:13     | Reached skill level 15 in Conjurations
 33498 | D:13     | Found Xiyrphip's Assorted Antiques.
 33618 | D:13     | Bought a scroll of fear for 119 gold pieces
 33618 | D:13     | Bought a glowing white potion for 30 gold pieces
 33618 | D:13     | Bought a scroll of identify for 68 gold pieces
 33618 | D:13     | Bought a scroll of fear for 119 gold pieces
 33908 | D:14     | Found a gate to the Vaults.
 33908 | D:14     | Noticed Nessos
 33908 | D:14     | Noticed Rupert
 33908 | D:14     | Noticed Urug
 33910 | D:14     | Killed Nessos
 33910 | D:14     | Killed Urug
 33911 | D:14     | Killed Rupert
 34688 | D:14     | Learned a level 7 spell: Orb of Destruction
 35017 | D:14     | Reached skill level 16 in Fire Magic
 36131 | D:14     | Identified the +7 flail of Ashenzari's Esteem {pain,
                  | Stlth+}
 36587 | D:15     | Entered Level 15 of the Dungeon
 36592 | D:15     | Offered knowledge of Lightning Bolt by Vehumet.
 37438 | D:15     | Reached XP level 16. HP: 141/141 MP: 12/34
 37643 | D:15     | Found a staircase to the Depths.
 37968 | Snake:1  | Entered Level 1 of the Snake Pit
 38417 | Snake:1  | Noticed Donald
 38438 | Snake:1  | Killed Donald
 39040 | Snake:1  | Found Qacysoiv's Distillery.
 39047 | Snake:1  | Bought a potion of mutation for 120 gold pieces
 39047 | Snake:1  | Bought a potion of haste for 150 gold pieces
 39047 | Snake:1  | Bought a potion of haste for 150 gold pieces
 39437 | Snake:1  | Found Qaixka Buli's Armour Boutique.
 39702 | Snake:1  | Found Qieqops's General Store.
 39713 | Snake:1  | Bought a ration for 80 gold pieces
 39713 | Snake:1  | Bought a ration for 80 gold pieces
 39725 | Snake:1  | Found Pomunavu's Antique Armour Shop.
 40296 | Snake:2  | Offered knowledge of Conjure Ball Lightning by Vehumet.
 40343 | Snake:2  | Reached skill level 17 in Fire Magic
 41221 | Snake:2  | Reached skill level 5 in Shields
 41376 | Snake:2  | Noticed Vashnia
 41380 | Snake:2  | Killed Vashnia
 43512 | Snake:4  | Entered Level 4 of the Snake Pit
 44176 | Snake:4  | Reached XP level 17. HP: 151/151 MP: 8/36
 44600 | Snake:4  | Offered knowledge of Chain Lightning by Vehumet.
 46695 | Snake:4  | Reached skill level 18 in Fire Magic
 47240 | Snake:4  | Got a serpentine rune of Zot
 47802 | Swamp:1  | Entered Level 1 of the Swamp
 49813 | Swamp:1  | Upgraded the game from 0.26-a0-224-g2964c8cf50 to
                  | 0.26-a0-228-g29f007ebfe
 51723 | Swamp:2  | Reached XP level 18. HP: 161/161 MP: 20/38
 52550 | Swamp:2  | Got a brightly glowing battleaxe
 54111 | Swamp:3  | Offered knowledge of Fire Storm by Vehumet.
 54111 | Swamp:3  | Offered knowledge of Shatter by Vehumet.
 54111 | Swamp:3  | Offered knowledge of Tornado by Vehumet.
 54130 | Swamp:2  | Learned a level 9 spell: Fire Storm
 54246 | Swamp:3  | Reached skill level 10 in Shields
 54985 | Swamp:4  | Entered Level 4 of the Swamp
 56825 | Swamp:4  | Noticed the 27-headed Lernaean hydra
 56851 | Swamp:4  | Gained mutation: You expend magic power (3 MP) to
                  | strengthen your wands. [mutagenic glow]
 57357 | Swamp:4  | Got a decaying rune of Zot
 57668 | Swamp:4  | Killed the 27-headed Lernaean hydra
 57867 | Elf:1    | Entered Level 1 of the Elven Halls
 57992 | Elf:1    | Found Xuoschar's General Store.
 58591 | Elf:1    | Reached skill level 19 in Fire Magic
 58657 | Elf:1    | Reached skill level 15 in Fighting
 58826 | Elf:1    | Bought a scroll of fear for 59 gold pieces
 58826 | Elf:1    | Bought a ration for 85 gold pieces
 59629 | Elf:1    | Identified the Compendium of Conjuration
 59802 | Elf:2    | Found Tekythun's Armour Shop.
 60115 | Elf:2    | Reached XP level 19. HP: 170/170 MP: 37/39
 60916 | Elf:2    | Noticed Nikola
 60924 | Elf:2    | Killed Nikola
 61239 | Elf:2    | Found a huge runed translucent gate.
 61239 | Elf:2    | Found a huge runed translucent gate.
 61267 | Elf:2    | Found a huge runed translucent gate.
 61268 | Elf:2    | Found a huge runed translucent gate.
 61270 | Elf:2    | Found a huge runed translucent gate.
 61479 | Elf:3    | Entered Level 3 of the Elven Halls
 61984 | Elf:3    | Quit the game

Illustrated notes

Levels and vault maps discovered:
D:1:      lightli_arrival_flooded_house, layout_loops_ring, nrook_loot_triangle,
          minmay_hedge_maze
D:2:      layout_basic, overflow_temple_1_default, uniq_sigmund, uniq_robin
D:3:      layout_loops_cross, first_ration
D:4:      layout_loops_cross, minmay_temple_entry_water_ring, uniq_grinder,
          uniq_pikel
D:5:      layout_basic, kennysheep_generic_room_3
D:6:      cheibrodos_thug_alley, layout_basic, lemuel_coloured_pillars_altar,
          basic_altar, minivault_22
D:7:      layout_basic, lemuel_blue_sif_altar, lemuel_doored_altar,
          nrook_mini_backslash, uniq_joseph
D:8:      layout_loops_cross, grunt_lair_entry_orc_guard_hut, uniq_maggie
D:9:      layout_layer_cave, zombieorc2_lemuel, uniq_maurice
D:10:     layout_irregular_city, uniq_psyche
D:11:     layout_roguey, serial_shops, kennysheep_mini_moat
D:12:     layout_gridville, david_nohive_1
D:13:     layout_irregular_city, serial_shops, nicolae_shop_waterfront
D:14:     minmay_the_grid_square_5x5_4x4
          [minmay_the_grid_square_5x5_pentomino_r,
          minmay_the_grid_square_5x5_empty,
          minmay_the_grid_square_5x5_gyroscope, minmay_the_grid_square_5x5_tie,
          minmay_the_grid_square_5x5_one_wall,
          minmay_the_grid_square_5x5_prize_junk,
          minmay_the_grid_square_5x5_prize_deathbox,
          minmay_the_grid_square_5x5_fancy_junction,
          minmay_the_grid_square_5x5_longway,
          minmay_the_grid_square_5x5_prize_open,
          minmay_the_grid_square_5x5_prize_waves,
          minmay_the_grid_square_5x5_inner_z, minmay_the_grid_square_5x5_fat_x,
          minmay_the_grid_square_5x5_inverted_slash,
          minmay_the_grid_square_5x5_plus, minmay_the_grid_square_5x5_detours],
          layout_rooms, david_vaults_3, kennysheep_boxes, serial_curves,
          eino_curves_01, eino_curves_03, eino_curves_04
D:15:     grunt_enter_depths_snipers, layout_cross, hangedman_decor_points,
          corner_web_ring
Temple:   dpeg_five_rooms_temple
Lair:1:   layout_roguey, serial_bayou_shore_a
Lair:2:   layout_regular_city, nicolae_swamp_entry_splash_gauntlet,
          serial_bayou_pond_d, hibernation_bobbens, infiniplex_staircase_pool
Lair:3:   layout_chaotic_city, guppyfry_snake_entry_garden,
          gauntlet_entry_generic, serial_bayou_shore_b, uniq_rupert
Lair:4:   layout_cave_shapes, grunt_megastairs_5, minmay_lair_oklob_chamber
Lair:5:   layout_regular_city, minmay_slime_entry_pillars
Lair:6:   minmay_lair_end_enchanted_forest, layout_loops_ring
Swamp:1:  layout_basic_swamp, serial_swamp_ruin, hangedman_swamp_ruin_hall,
          evilmike_swamp_ruin_house_2
Swamp:2:  cheibrodos_swamp_mausoleum, layout_basic_swamp,
          evilmike_swamp_ruin_house_4, swamp_pool1
Swamp:3:  layout_basic_swamp, nicolae_swamp_dense_foliage
Swamp:4:  swamp_old_school, layout_basic_swamp
Snake:1:  layout_grid_maze, serial_shops, nicolae_shop_waterfront, shop,
          nicolae_shop_competitors_out_of_business, shop, uniq_donald
Snake:2:  layout_chambers, grunt_ministairs_10, uniq_vashnia
Snake:3:  layout_onion, drop_trap, hangedman_snake_wide_pillar_pass
Snake:4:  grunt_snake_rune_serpentine_throne, layout_rooms
Orc:1:    layout_diamond_mine
Orc:2:    kennysheep_orc_mage_school, layout_diamond_mine
Elf:1:    elf_arrival_001, layout_geoelf_octagon, serial_shops, shop_statue,
          minmay_elf_sorcery
Elf:2:    layout_onion_city, serial_shops, shop, uniq_nikola
Elf:3:    minmay_elf_hall_hex, layout_loops_corners

Skill      XL: |  1  2  3  4  5  6  7  8  9 10 11 12 13 14 15 16 17 18 |
---------------+-------------------------------------------------------+-----
Fighting       | 1 2 3 4 5 6 7 8 9 10 11 12 13 14 15 | 15.2
Conjurations   | 3 4 5 6 8 9 11 12 13 14 15 16 17 | 17.6
Fire Magic     | 4 5 6 7 9 10 11 12 13 15 16 17 18 19 | 19.3
Spellcasting   | 3 4 5 6 7 8 9 10 11 12 13 | 13.2
Shields        | 2 4 6 9 11 | 11.7
Dodging        | |  1.7
Stealth        | |  1.7

Action                   |  1- 3 |  4- 6 |  7- 9 | 10-12 | 13-15 | 16-18 | 19-21 || total
-------------------------+-------+-------+-------+-------+-------+-------+-------++-------
Melee: Unarmed           |    27 |       |       |       |       |       |       ||    27
       Whip              |    41 |    52 |    87 |    79 |    15 |       |       ||   274
       Tailslap          |     6 |     3 |     6 |     9 |    21 |     4 |       ||    49
       Staff             |       |       |       |     1 |   164 |    44 |    17 ||   226
 Cast: Foxfire           |    33 |   109 |   241 |   460 |    83 |       |       ||   926
       Sticky Flame      |       |     2 |    15 |    40 |    76 |       |       ||   133
       Fireball          |       |       |     3 |   131 |   389 |   564 |     4 ||  1091
       Starburst         |       |       |       |       |    50 |    97 |       ||   147
       Ignition          |       |       |       |       |    37 |    69 |     5 ||   111
       Orb of Destructio |       |       |       |       |     3 |    61 |    36 ||   100
Evoke: Wand              |       |       |       |     9 |     8 |    18 |     3 ||    38
  Use: Scroll            |       |       |    12 |    10 |    15 |    10 |       ||    47
       Potion            |       |       |       |     6 |       |     2 |       ||     8
 Stab: Sleeping          |     2 |     3 |     1 |       |       |       |       ||     6
  Eat: Ration            |     1 |     2 |     5 |    10 |    15 |    21 |       ||    54
Armor: Skin              |    21 |    47 |    41 |    60 |   172 |    74 |    15 ||   430
Dodge: Dodged            |    31 |    67 |    79 |    98 |   284 |    64 |    13 ||   636
Block: Buckler           |       |       |       |    18 |   163 |    13 |       ||   194
       Reflection        |       |       |       |       |    12 |    40 |     2 ||    54
       Kite shield       |       |       |       |       |       |   192 |    49 ||   241

Table legend:
 A = Non-vault XP
 B = Vault XP
 C = Vault XP percentage of total XP
 D = Non-vault monster count
 E = Vault monster count
 F = Vault count percentage of total count
                 A         B        C        D         E       F
            +---------+---------+-------+---------+---------+-------
      Total |  245997 |  157511 |  39.0 |     893 |     396 |  30.7
            +---------+---------+-------+---------+---------+-------
        D:1 |      44 |       0 |   0.0 |      23 |       0 |   0.0
        D:2 |      31 |     256 |  89.2 |      15 |      14 |  48.3
        D:3 |      88 |       0 |   0.0 |      28 |       0 |   0.0
        D:4 |     333 |     910 |  73.2 |      16 |       2 |  11.1
        D:5 |     651 |       0 |   0.0 |      18 |       0 |   0.0
        D:6 |     773 |     212 |  21.5 |      17 |      11 |  39.3
        D:7 |     857 |     419 |  32.8 |      17 |       1 |   5.6
        D:8 |    2298 |     914 |  28.5 |      39 |       5 |  11.4
        D:9 |    2656 |    1202 |  31.2 |      43 |      37 |  46.2
       D:10 |    3682 |     434 |  10.5 |      26 |       1 |   3.7
       D:11 |    4324 |     122 |   2.7 |      28 |       2 |   6.7
       D:12 |    6975 |    1031 |  12.9 |      35 |      13 |  27.1
       D:13 |    8046 |       0 |   0.0 |      24 |       0 |   0.0
       D:14 |   11847 |   21946 |  64.9 |      38 |      42 |  52.5
       D:15 |    7251 |    2317 |  24.2 |      30 |       3 |   9.1
     Lair:1 |    4860 |       0 |   0.0 |      18 |       0 |   0.0
     Lair:2 |    2878 |    1253 |  30.3 |      14 |       6 |  30.0
     Lair:3 |    6259 |       0 |   0.0 |      20 |       0 |   0.0
     Lair:4 |    7250 |    2895 |  28.5 |      30 |       9 |  23.1
     Lair:5 |    7408 |     577 |   7.2 |      21 |       3 |  12.5
     Lair:6 |   19153 |    8289 |  30.2 |      56 |      45 |  44.6
    Swamp:1 |   14332 |       0 |   0.0 |      40 |       0 |   0.0
    Swamp:2 |    8562 |   11068 |  56.4 |      24 |      37 |  60.7
    Swamp:3 |   13555 |       0 |   0.0 |      32 |       0 |   0.0
    Swamp:4 |   16154 |   19329 |  54.5 |      41 |      25 |  37.9
    Snake:1 |   13886 |    2411 |  14.8 |      28 |       2 |   6.7
    Snake:2 |   17265 |    9628 |  35.8 |      31 |      10 |  24.4
    Snake:3 |    5497 |    1384 |  20.1 |      12 |       2 |  14.3
    Snake:4 |   12463 |   43328 |  77.7 |      19 |      67 |  77.9
      Orc:1 |    4598 |       0 |   0.0 |      26 |       0 |   0.0
      Orc:2 |     853 |    6997 |  89.1 |      17 |      33 |  66.0
      Elf:1 |   16436 |    9060 |  35.5 |      28 |      14 |  33.3
      Elf:2 |   20743 |    7581 |  26.8 |      32 |       5 |  13.5
      Elf:3 |    3989 |       0 |   0.0 |       7 |       0 |   0.0
   Gauntlet |       0 |    3948 | 100.0 |       0 |       7 | 100.0
            +---------+---------+-------+---------+---------+-------
